 Dungeon Crawl Stone Soup version 0.32-a0-834-geaf45d8e21 (webtiles) character file.

Game seed: 12161447199974645265

257 Klosterheim the Ruffian (level 6, -4/47 HPs)
             Began as a Gnoll Shapeshifter on Mar 25, 2024.
             Killed from afar by Pikel (10 damage)
             ... with a puff of flame
             ... on level 5 of the Dungeon.
             The game lasted 00:09:57 (2409 turns).

Klosterheim the Ruffian (Gnoll Shapeshifter)        Turns: 2409, Time: 00:09:58

Health: -4/47      AC:  6    Str: 14    XL:     6   Next: 16%
Magic:  8/8        EV: 10    Int: 11    God:
Gold:   131        SH:  0    Dex: 17    Spells: 8/8 levels left

rFire   . .          .
                       - Unarmed
rCold   . . .        (no shield)
rNeg    . . .        f - +0 scale mail
rPois   .            (helmet currently unavailable)
rElec   .            (cloak currently unavailable)
rCorr   .            (gloves currently unavailable)
SInv    .            (boots currently unavailable)
Will    .....        (no amulet)
Stlth   +            l - +6 ring of dexterity
HPRegen 0.27/turn    (no ring)
MPRegen 0.11/turn

%: no passive effects
@: about to teleport, beast-form
A: beast (slay +3), fangs 1, strong nose, distributed training
a: Begin Untransformation


You were on level 5 of the Dungeon.
You were a hulking beast.
You visited 1 branch of the dungeon, and saw 5 of its levels.

You collected 131 gold pieces.

Inventory:

Armour
 e - a +0 tower shield
 f - a +0 scale mail (worn)
 u - a +0 helmet
Jewellery
 l - a +6 ring of dexterity (left hand)
 s - a ring of ice
Talismans
 c - a beast talisman (active)
 d - a flux talisman
 q - a blade talisman
Wands
 p - a wand of flame (16)
 t - a wand of warping (2)
Scrolls
 h - a scroll of vulnerability {unknown}
 j - 3 scrolls of enchant weapon
 m - a scroll of blinking {unknown}
 r - 2 scrolls of noise {unknown}
Potions
 a - a potion of haste {unknown}
 b - 2 potions of lignification
 i - 2 potions of curing {unknown}
 k - 3 potions of magic {unknown}
 n - a potion of brilliance {unknown}
 o - a potion of might {unknown}


   Skills:
 + Level 3.2 Fighting
 + Level 1.9 Short Blades
 + Level 1.9 Long Blades
 + Level 1.9 Axes
 + Level 1.9 Maces & Flails
 + Level 1.9 Polearms
 + Level 1.9 Staves
 + Level 1.9 Ranged Weapons
 + Level 1.9 Throwing
 + Level 1.9 Armour
 + Level 5.0 Dodging
 + Level 1.9 Stealth
 + Level 1.9 Shields
 + Level 6.8 Unarmed Combat
 + Level 1.9 Spellcasting
 + Level 1.5 Conjurations
 + Level 1.5 Hexes
 + Level 1.5 Summonings
 + Level 1.5 Necromancy
 + Level 1.5 Translocations
 + Level 1.5 Fire Magic
 + Level 1.5 Ice Magic
 + Level 1.5 Air Magic
 + Level 1.5 Earth Magic
 + Level 1.5 Alchemy
 + Level 2.1 Invocations
 + Level 1.9 Evocations
 + Level 6.7 Shapeshifting


You had 8 spell levels left.
You didn't know any spells.
Your spell library was empty.

Dungeon Overview and Level Annotations

Branches:
Dungeon (5/15)
 Temple: D:4-7

Altars:
Vehumet

Annotations:
D:3 Sigmund
D:5 Pikel


Innate Abilities, Weirdness & Mutations

You are a hulking beast.
Your limbs bulge with bestial killing power. (Slay +3)
You have very sharp teeth.
Your uncanny sense of smell can sniff out nearby items.
Your experience applies equally to all skills.


Message History

That felt strangely unrewarding.
You miss the lemure. The lemure hits you but does no damage.
You punch the lemure!
The lemure is moderately wounded.
The lemure closely misses you.
You hit the lemure.
The lemure is heavily wounded.
The lemure hits you.
You closely miss the lemure.
The lemure is heavily wounded.
The lemure barely misses you.
You hit the lemure.
The lemure is heavily wounded.
Pikel waves his whip at you.
You punch the lemure!
The lemure is almost dead.
The lemure hits you!
You punch the lemure!
You kill the lemure!
That felt strangely unrewarding.
Pikel zaps a wand.
The puff of flame hits you!
Aiming: Warp Space
Press: ? - help, Shift-Dir - straight line, f - Pikel
Aim: Pikel, wielding a +1 whip of freezing, wearing a +0 robe and carrying a wand of flame (chance to blink: 56%) Space twists violently!
The rupture engulfs Pikel!
Pikel is moderately wounded.
The rupture engulfs the orc!
You kill the orc!
The rupture engulfs the lemure!
The lemure blinks!
The lemure is moderately wounded.
You hear a shout!
You hear an angry buzzing noise. x2
Pikel zaps a wand.
The puff of flame hits you!
* * * LOW HITPOINT WARNING * * *
Your Dodging skill increases to level 5!
Pikel zaps a wand.
The puff of flame hits you.
* * * LOW HITPOINT WARNING * * *
Okay, then.
As you read the scroll of teleportation, it crumbles to dust.
You feel strangely unstable.
Pikel zaps a wand.
The puff of flame hits you!
You die...
Pikel says, "Another soul for the market."

###..#......>..........#
∆ #....................#
##.#########.........#
#.## #...####### #..#
#...# ##.# #...# #.#
#...# #.#.###.#####
......>...h.#
........###.# ....#####
#.#####.## #.#∆
#####K#....... .
#....)..# #.###5##5.....
#.# ..... #.# K... ..#
..#


You could see Pikel and a lemure.

Vanquished Creatures
  An ogre (D:5)
  2 lemures (D:5)
  A hound (D:5)
  Robin (D:4)
  3 adders
  A shadow imp (D:5)
  A white imp (D:5)
  A dart slug (D:5)
  An orc (D:5)
  4 ball pythons
  6 endoplasms
  3 giant cockroaches
  15 goblins
  14 hobgoblins
  11 jackals
  6 kobolds
  2 quokkas
  4 bats
  4 rats
81 creatures vanquished.

Vanquished Creatures (others)
  A hobgoblin (D:4)
1 creature vanquished.

Grand Total: 82 creatures vanquished

Notes
Turn   | Place    | Note
-------+----------+-------------------------------------------
     0 | D:1      | Klosterheim the Gnoll Shapeshifter began the quest for the
                  | Orb.
     0 | D:1      | Reached XP level 1. HP: 17/17 MP: 1/1
   115 | D:1      | Reached XP level 2. HP: 17/23 MP: 2/2
   448 | D:1      | Reached XP level 3. HP: 28/28 MP: 3/3
   548 | D:1      | Reached skill level 1 in Invocations
   767 | D:2      | Reached skill level 1 in Short Blades
   767 | D:2      | Reached skill level 1 in Long Blades
   767 | D:2      | Reached skill level 1 in Axes
   767 | D:2      | Reached skill level 1 in Maces & Flails
   767 | D:2      | Reached skill level 1 in Polearms
   767 | D:2      | Reached skill level 1 in Staves
   767 | D:2      | Reached skill level 1 in Ranged Weapons
   767 | D:2      | Reached skill level 1 in Throwing
   767 | D:2      | Reached skill level 1 in Armour
   767 | D:2      | Reached skill level 1 in Stealth
   767 | D:2      | Reached skill level 1 in Shields
   767 | D:2      | Reached skill level 1 in Spellcasting
   767 | D:2      | Reached skill level 1 in Evocations
   810 | D:2      | Reached XP level 4. HP: 34/34 MP: 5/5
  1335 | D:3      | Noticed Sigmund
  1335 | D:3      | Found a faded altar of an unknown god.
  1465 | D:4      | Reached skill level 1 in Conjurations
  1465 | D:4      | Reached skill level 1 in Hexes
  1465 | D:4      | Reached skill level 1 in Summonings
  1465 | D:4      | Reached skill level 1 in Necromancy
  1465 | D:4      | Reached skill level 1 in Translocations
  1465 | D:4      | Reached skill level 1 in Fire Magic
  1465 | D:4      | Reached skill level 1 in Ice Magic
  1465 | D:4      | Reached skill level 1 in Air Magic
  1465 | D:4      | Reached skill level 1 in Earth Magic
  1465 | D:4      | Reached skill level 1 in Alchemy
  1765 | D:4      | Noticed Robin
  1871 | D:4      | Killed Robin
  1872 | D:4      | Reached XP level 5. HP: 25/40 MP: 7/7
  2146 | D:5      | Entered Level 5 of the Dungeon
  2188 | D:5      | Found a radiant altar of Vehumet.
  2189 | D:5      | Noticed an ogre
  2190 | D:5      | Killed an ogre
  2218 | D:5      | Reached XP level 6. HP: 18/47 MP: 8/8
  2384 | D:5      | Noticed Pikel
  2408 | D:5      | Reached skill level 5 in Dodging
  2409 | D:5      | Killed from afar by Pikel

Illustrated notes

Levels and vault maps discovered:
D:1:      minmay_arrival_cross, layout_basic, minmay_tall_x
D:2:      layout_loops_cross
D:3:      layout_rooms, nicolae_ecumenical_pavilion, uniq_sigmund
D:4:      layout_loops_ring, uniq_robin
D:5:      layout_loops_cross, nzn_overflow_gifts_of_might_and_magic,
          kennysheep_mini_moat, minmay_temple_entry_glass, serial_shops,
          nicolae_shop_real_fake_doors, uniq_pikel

Skill      XL: |  1  2  3  4  5  6 |
---------------+-------------------+-----
Invocations    | 1 2 |  2.1
Short Blades   | 1 |  1.9
Long Blades    | 1 |  1.9
Axes           | 1 |  1.9
Maces & Flails | 1 |  1.9
Polearms       | 1 |  1.9
Staves         | 1 |  1.9
Ranged Weapons | 1 |  1.9
Throwing       | 1 |  1.9
Armour         | 1 |  1.9
Stealth        | 1 |  1.9
Shields        | 1 |  1.9
Spellcasting   | 1 |  1.9
Evocations     | 1 |  1.9
Conjurations   | 1 |  1.5
Hexes          | 1 |  1.5
Summonings     | 1 |  1.5
Necromancy     | 1 |  1.5
Translocations | 1 |  1.5
Fire Magic     | 1 |  1.5
Ice Magic      | 1 |  1.5
Air Magic      | 1 |  1.5
Earth Magic    | 1 |  1.5
Alchemy        | 1 |  1.5
Fighting       | 3 |  3.2
Dodging        | 5 |  5.0
Unarmed Combat | |  6.8
Shapeshifting  | |  6.7

Action                     |  1- 3 |  4- 6 || total
---------------------------+-------+-------++-------
  Melee: Unarmed           |    75 |    91 ||   166
         Bite              |     2 |    10 ||    12
         Punch             |     1 |     1 ||     2
  Evoke: Wand              |       |     3 ||     3
    Use: Scroll            |       |     3 ||     3
   Stab: Sleeping          |     1 |       ||     1
 Armour: Animal skin       |    12 |       ||    12
         Scale mail        |    25 |    55 ||    80
  Dodge: Dodged            |    39 |    31 ||    70

Table legend: (Time is in decaauts)
 A = Elapsed time spent in this place.
 B = Non-inter-level travel time spent in this place.
 C = Inter-level travel time spent in this place.
 D = Time resting spent in this place.
 E = Time spent auto-exploring this place.
 F = Levels seen in this place.
 G = Mean time per level.
                   A        B        C        D        E       F      G
               +--------+--------+--------+--------+--------+-----+--------+
         Total |   2389 |   2192 |    197 |     40 |   1720 |   5 |  477.8 |
       Dungeon |   2389 |   2192 |    197 |     40 |   1720 |   5 |  477.8 |
               +--------+--------+--------+--------+--------+-----+--------+

Top non-repeatable levels by time:
     D:2: 747 daAuts
     D:4: 667 daAuts
     D:1: 655 daAuts
     D:5: 244 daAuts
     D:3: 73 daAuts
